 Dungeon Crawl Stone Soup version 0.26-a0-118-g49ad786 (webtiles) character file.

Game seed: 693016396573196409

84 AcesWolf the Skirmisher (level 4, -1/41 HPs)
             Began as a Gnoll Wanderer on June 28, 2020.
             Slain by a quasit (2 damage)
             ... on level 3 of the Dungeon.
             The game lasted 00:11:27 (2111 turns).

AcesWolf the Skirmisher (Gnoll Wanderer)            Turns: 2111, Time: 00:11:27

Health: -1/41      AC:  5    Str: 18      XL:     4   Next: 46%
Magic:  8/8        EV: 10    Int: 13      God:
Gold:   94         SH:  0    Dex:  5 (13) Spells: 9/9 levels left

rFire    x . .     SeeInvis +   a - +2 shortbow
rCold    + . .     Faith    .   (shield currently unavailable)
rNeg     . . .     Spirit   .   g - +0 ring mail
rPois    .         Reflect  .   (no helmet)
rElec    .         Harm     .   (no cloak)
rCorr    .                      (no gloves)
MR       .....                  (no boots)
Stlth    +.........             (no amulet)
HPRegen  0.13/turn              h - ring of see invisible
MPRegen  0.11/turn              s - ring of ice

@: no status effects
A: distributed training, fangs 1, strong nose
a: no special abilities


You were on level 3 of the Dungeon.
You were not hungry.

You visited 1 branch of the dungeon, and saw 3 of its levels.

You collected 94 gold pieces.

Inventory:

Hand Weapons
 a - a +2 shortbow (weapon)
 l - a +0 vampiric spear
Missiles
 b - 7 arrows (quivered)
Armour
 g - a +0 ring mail (worn)
Jewellery
 h - a ring of see invisible (left hand)
 m - an uncursed ring of stealth
 q - a +6 ring of intelligence
 s - a ring of ice (right hand)
Scrolls
 c - 2 scrolls of teleportation
 e - a scroll of remove curse
 k - a scroll of identify
 n - a scroll of fear
 o - a scroll of enchant weapon {unknown}
 p - a scroll of amnesia {unknown}
 u - a scroll of enchant armour {unknown}
Potions
 d - a potion of curing {unknown}
 i - a potion of stabbing
 j - a potion of brilliance {unknown}
 r - a potion of mutation {unknown}
 t - a potion of magic {unknown}
Comestibles
 f - 6 rations


   Skills:
 + Level 6.6 Fighting
 + Level 1.1 Short Blades
 + Level 1.1 Long Blades
 + Level 1.1 Axes
 + Level 1.1 Maces & Flails
 + Level 1.1 Polearms
 + Level 1.1 Staves
 + Level 1.1 Slings
 + Level 4.6 Bows
 + Level 1.1 Crossbows
 + Level 1.1 Throwing
 + Level 1.1 Armour
 + Level 1.1 Dodging
 + Level 2.5 Stealth
 + Level 2.7 Shields
 + Level 1.1 Unarmed Combat
 + Level 3.0 Spellcasting
 + Level 0.9 Conjurations
 + Level 0.9 Hexes
 + Level 0.9 Charms
 + Level 0.9 Summonings
 + Level 0.9 Necromancy
 + Level 0.9 Translocations
 + Level 0.9 Transmutations
 + Level 0.9 Fire Magic
 + Level 0.9 Ice Magic
 + Level 0.9 Air Magic
 + Level 3.8 Earth Magic
 + Level 0.9 Poison Magic
 + Level 1.2 Invocations
 + Level 1.1 Evocations


You had 9 spell levels left.
You didn't know any spells.
Your spell library was empty.

Dungeon Overview and Level Annotations

Branches:
Dungeon (3/15)

Altars:

Annotations:
D:3 Turner1's ghost, amateur MiMo


Innate Abilities, Weirdness & Mutations

Your experience applies equally to all skills.
You have very sharp teeth.
Your uncanny sense of smell can sniff out nearby items.


Message History

* * * LOW HITPOINT WARNING * * *
You feel clumsy. The quasit misses you. The quasit barely misses you.
The quasit claws you but does no damage.
The quasit barely misses you. The quasit closely misses you.
The quasit completely misses you.
The quasit claws you but does no damage.
You completely miss Turner1's ghost. Your bite misses Turner1's ghost.
Turner1's ghost is lightly damaged.
The quasit bites you but does no damage.
The quasit claws you but does no damage.
The quasit claws you.
* * * LOW HITPOINT WARNING * * *
You feel clumsy.
The quasit bites you but does no damage.
The quasit claws you but does no damage.
The quasit barely misses you. x2; The quasit closely misses you. x2
The quasit bites you but does no damage.
The quasit barely misses you. The quasit claws you.
You die...

.......# #.###..##
.##.####
##.####.####### ##
.. ..............#
..####.©.####..
..# .##### # ...
...($.. ..#
#..##.##..=###..%.
#.....#W5...#.#
##.5@5.# #
#.....5#.[#
##...#. ?#... #..
.# .. ..# ## ##
### ## .$ . ∆


You could see 4 quasits and Turner1's ghost.

Vanquished Creatures
  3 adders (D:2)
  An ooze (D:2)
  2 worms (D:2)
  2 dart slugs (D:2)
  A leopard gecko (D:1)
  3 giant cockroaches
  10 goblins
  3 hobgoblins
  3 ball pythons
  6 bats
  2 frilled lizards (D:1)
  2 kobolds
  8 rats
46 creatures vanquished.

Notes
Turn   | Place    | Note
-------+----------+-------------------------------------------
     0 | D:1      | AcesWolf the Gnoll Wanderer began the quest for the Orb.
     0 | D:1      | AcesWolf set off with the following items: a +2 shortbow,
                  | 24 arrows, 2 scrolls of teleportation, a +0 robe, a ration
     0 | D:1      | Reached XP level 1. HP: 23/23 MP: 4/4
   150 | D:1      | Reached XP level 2. HP: 24/29 MP: 5/5
  1124 | D:2      | Reached XP level 3. HP: 35/35 MP: 7/7
  1262 | D:2      | Reached skill level 1 in Invocations
  1490 | D:2      | Reached skill level 1 in Short Blades
  1490 | D:2      | Reached skill level 1 in Long Blades
  1490 | D:2      | Reached skill level 1 in Axes
  1490 | D:2      | Reached skill level 1 in Maces & Flails
  1490 | D:2      | Reached skill level 1 in Polearms
  1490 | D:2      | Reached skill level 1 in Staves
  1490 | D:2      | Reached skill level 1 in Slings
  1490 | D:2      | Reached skill level 1 in Crossbows
  1490 | D:2      | Reached skill level 1 in Throwing
  1490 | D:2      | Reached skill level 1 in Armour
  1490 | D:2      | Reached skill level 1 in Dodging
  1490 | D:2      | Reached skill level 1 in Unarmed Combat
  1490 | D:2      | Reached skill level 1 in Evocations
  1490 | D:2      | Reached XP level 4. HP: 41/41 MP: 8/8
  2100 | D:3      | Found a transporter.
  2100 | D:3      | Noticed Turner1's ghost (amateur MiMo)
  2110 | D:3      | HP: 2/41 [quasit (1)]
  2111 | D:3      | Slain by a quasit

Illustrated notes

Levels and vault maps discovered:
D:1:      dpeg_arrival_rooms_b, layout_basic
D:2:      layout_loops_corners
D:3:      layout_loops_cross, gammafunk_ghost_stat_death

Skill      XL: |  1  2  3  4 |
---------------+-------------+-----
Invocations    | 1 |  1.2
Short Blades   | 1 |  1.1
Long Blades    | 1 |  1.1
Axes           | 1 |  1.1
Maces & Flails | 1 |  1.1
Polearms       | 1 |  1.1
Staves         | 1 |  1.1
Slings         | 1 |  1.1
Crossbows      | 1 |  1.1
Throwing       | 1 |  1.1
Armour         | 1 |  1.1
Dodging        | 1 |  1.1
Unarmed Combat | 1 |  1.1
Evocations     | 1 |  1.1
Spellcasting   | 3 |  3.0
Fighting       | |  6.6
Bows           | |  4.6
Stealth        | |  2.5
Shields        | |  2.7
Conjurations   | |  0.9
Hexes          | |  0.9
Charms         | |  0.9
Summonings     | |  0.9
Necromancy     | |  0.9
Translocations | |  0.9
Transmutations | |  0.9
Fire Magic     | |  0.9
Ice Magic      | |  0.9
Air Magic      | |  0.9
Earth Magic    | |  3.8
Poison Magic   | |  0.9

Action                   |  1- 3 |  4- 6 || total
-------------------------+-------+-------++-------
Melee: Spear             |    11 |       ||    11
       Bite              |     1 |       ||     1
       Shortbow          |       |     3 ||     3
 Fire: Shortbow          |    67 |    27 ||    94
  Use: Scroll            |     1 |     1 ||     2
       Potion            |     1 |       ||     1
  Eat: Chunk             |     2 |     1 ||     3
Armor: Robe              |     1 |       ||     1
       Ring mail         |     6 |    42 ||    48
Dodge: Dodged            |    14 |    64 ||    78

Table legend:
 A = Non-vault XP
 B = Vault XP
 C = Vault XP percentage of total XP
 D = Non-vault monster count
 E = Vault monster count
 F = Vault count percentage of total count
                 A         B        C        D         E       F
            +---------+---------+-------+---------+---------+-------
      Total |     121 |       0 |   0.0 |      46 |       0 |   0.0
            +---------+---------+-------+---------+---------+-------
        D:1 |      25 |       0 |   0.0 |      17 |       0 |   0.0
        D:2 |      94 |       0 |   0.0 |      28 |       0 |   0.0
        D:3 |       2 |       0 |   0.0 |       1 |       0 |   0.0
            +---------+---------+-------+---------+---------+-------
